 Dungeon Crawl Stone Soup version 0.29-a0-284-gf9362112df (webtiles) character file.

Game seed: 10558397026165229789

7 domi the Magician (level 1, -2/13 HPs)
             Began as a Demonspawn Hedge Wizard on Mar 29, 2022.
             Slain by a gnoll
             ... wielding a +0 spear
              (9 damage)
             ... on level 1 of the Dungeon.
             The game lasted 00:01:16 (549 turns).

domi the Magician (Demonspawn Hedge Wizard)          Turns: 549, Time: 00:01:17

Health: -2/13      AC:  2    Str: 10    XL:     1   Next: 91%
Magic:  1/4        EV: 12    Int: 15    God:
Gold:   0          SH:  0    Dex: 12    Spells: 5/6 levels left

rFire   . . .      SeeInvis .   a - +0 dagger
rCold   . . .      Faith    .   (no shield)
rNeg    . . .      Spirit   .   b - +0 robe
rPois   .          Reflect  .   c - +0 hat
rElec   .          Harm     .   (no cloak)
rCorr   .          Rampage  .   (no gloves)
Will    .....                   (no boots)
Stlth   ++........              (no amulet)
HPRegen 0.04/turn               (no ring)
MPRegen 0.09/turn               (no ring)

@: no status effects
A: no striking features
a: no special abilities


You were on level 1 of the Dungeon.
You visited 1 branch of the dungeon, and saw 1 of its levels.

Inventory:

Hand Weapons
 a - a +0 dagger (weapon)
Armour
 b - a +0 robe (worn)
 c - a +0 hat (worn)
Potions
 d - a potion of magic


   Skills:
 - Level 1.7 Dodging
 - Level 1.7 Stealth
 + Level 3.1 Spellcasting
 * Level 1.7 Conjurations
 - Level 1.0 Summonings
 - Level 0.8 Translocations


You had 5 spell levels left.
You knew the following spells:

 Your Spells              Type           Power      Damage    Failure   Level
z - Magic Dart            Conj           28%        1d4       10%         1

Your spell library contained the following spells:

 Spells                   Type           Power      Damage    Failure   Level
 Slow                     Hex            8%         N/A       21%         1
 Call Imp                 Summ           5%         N/A       21%         2
 Blink                    Tloc           8%         N/A       22%         2
 Conjure Flame            Conj/Fire      4%         6-21      38%         3
 Mephitic Cloud           Conj/Pois/Air  4%         N/A       43%         3


Dungeon Overview and Level Annotations

Branches:
Dungeon (1/15)

Altars:


Message History

You can't see any susceptible monsters within range! (Use Z to cast anyway.)
You can't see any susceptible monsters within range! (Use Z to cast anyway.) Unknown command.
The bat barely misses you.
A bat is nearby!
A bat is nearby!
A bat is nearby!
A bat is nearby!
A bat is nearby!
Aim: a bat (moderately wounded, 100% to hit)
The magic dart hits the bat.
The bat hits you.
You take 1 damage, and have 12/13 hp.
You now have 2/4 mp.
Aim: a bat (severely wounded, 100% to hit)
The magic dart hits the bat.
You kill the bat!
You can't see any susceptible monsters within range! (Use Z to cast anyway.)
You now have 1/4 mp.
You can't see any susceptible monsters within range! (Use Z to cast anyway.)
You can't see any susceptible monsters within range! (Use Z to cast anyway.) (Key replay stole keys)
An endoplasm comes into view.
Health restored: 13; MP restored: 4 An endoplasm is nearby!
An endoplasm is nearby!
An endoplasm is nearby!
An endoplasm is nearby!
Aim: an endoplasm (asleep, 100% to hit)
You miscast Magic Dart.
You are very lightly contaminated with residual magic.
Nothing appears to happen.
You now have 3/4 mp.
Aim: an endoplasm (asleep, 100% to hit)
You miscast Magic Dart.
Nothing appears to happen.
The endoplasm quivers.
You now have 2/4 mp.
Aim: an endoplasm (100% to hit)
The magic dart hits the endoplasm.
You now have 1/4 mp.
Aim: an endoplasm (heavily wounded, 100% to hit)
The magic dart hits the endoplasm.
You kill the endoplasm!
You don't have enough magic to cast this spell.
You now have 0/4 mp.
You don't have enough magic to cast this spell.
You don't have enough magic to cast this spell.
You start resting.
Your magical contamination has completely faded away.
A gnoll and a hobgoblin come into view.
Found a stone staircase leading down.
The gnoll shouts!
A dart slug comes into view.
The hobgoblin moves out of view.
MP restored: 4
There are monsters nearby!
There are monsters nearby!
There are monsters nearby!
There are monsters nearby!
Aim: a gnoll, wielding a +0 spear (100% to hit)
The magic dart hits the gnoll.
You now have 3/4 mp.
Aim: a gnoll, wielding a +0 spear (moderately wounded, 100% to hit)
The magic dart hits the gnoll.
The hobgoblin shouts!
Aim: a gnoll, wielding a +0 spear (heavily wounded, 100% to hit)
The magic dart hits the gnoll.
You now have 1/4 mp.
Aim: a gnoll, wielding a +0 spear (heavily wounded, 100% to hit)
The magic dart hits the gnoll.
You don't have enough magic to cast this spell.
You now have 0/4 mp.
You don't have enough magic to cast this spell.
You don't have enough magic to cast this spell.
You don't have enough magic to cast this spell.
The dart slug launches a dart at you. The slug dart hits you.
You take 1 damage, and have 12/13 hp.
Health restored: 13 An endoplasm comes into view.
There is an open door here.
MP restored: 4 You open the door.
Aim: a gnoll, wielding a +0 spear (heavily wounded, 100% to hit)
The magic dart hits the gnoll but does no damage.
The gnoll hits you from afar with a +0 spear.
You take 3 damage, and have 10/13 hp.
MASSIVE DAMAGE!!
You now have 3/4 mp.
Aim: a gnoll, wielding a +0 spear (heavily wounded, 100% to hit)
The magic dart hits the gnoll but does no damage.
The gnoll hits you from afar with a +0 spear.
You take 4 damage, and have 6/13 hp.
MASSIVE DAMAGE!!
You now have 2/4 mp.
Unknown command.
Aim: a gnoll, wielding a +0 spear (heavily wounded, 100% to hit)
The magic dart hits the gnoll.
The gnoll hits you from afar with a +0 spear!
Ouch! That really hurt!
You die...

#.....#
#...............#.......
#.#.#.#
#..........###.##.......
# #. w# #..........#
#.##....... .. ..
#.....#g#### #..........
... .###.....#.#
######...... ... ..
#.....#J# #...........
..>. .# #.....#g#
#........... .......#.#
#......##### #.######@#
#......# #. #'#
###......## ...
.........'###
#..(..........##.#
#........####.##>#
##+##########.##<#
#....##.# ##...##.#
#.#....#


You could see a gnoll, an endoplasm and a hobgoblin.

Vanquished Creatures
  A dart slug (D:1)
  2 endoplasms (D:1)
  A ball python (D:1)
  A bat (D:1)
  A rat (D:1)
6 creatures vanquished.

Notes
Turn   | Place    | Note
-------+----------+-------------------------------------------
     0 | D:1      | domi the Demonspawn Hedge Wizard began the quest for the
                  | Orb.
     0 | D:1      | Reached XP level 1. HP: 13/13 MP: 4/4
   549 | D:1      | Slain by a gnoll

Illustrated notes

Levels and vault maps discovered:
D:1:      dpeg_arrival_tiny_j, layout_basic, st_stairs_4

Action                   || total
-------------------------++-------
Melee: Dagger            ||     5
       Punch             ||     1
 Cast: Magic Dart        ||    27
Armor: Robe              ||     2
Dodge: Dodged            ||     4

Table legend: (Time is in decaauts)
 A = Elapsed time spent in this place.
 B = Non-inter-level travel time spent in this place.
 C = Inter-level travel time spent in this place.
 D = Time resting spent in this place.
 E = Time spent auto-exploring this place.
 F = Levels seen in this place.
 G = Mean time per level.
                   A        B        C        D        E       F      G
               +--------+--------+--------+--------+--------+-----+--------+
         Total |    549 |    549 |      0 |    300 |    156 |   1 |  549.0 |
       Dungeon |    549 |    549 |      0 |    300 |    156 |   1 |  549.0 |
               +--------+--------+--------+--------+--------+-----+--------+

Top non-repeatable levels by time:
     D:1: 549 daAuts

Table legend:
 A = Kills in this place as a percentage of kills in entire the game.
 B = Kills by you in this place as a percentage of kills by you in the entire game.
 C = Kills by friends in this place as a percentage of kills by friends in the entire game.
 D = Other kills in this place as a percentage of other kills in the entire game.
 E = Experience gained in this place as a percentage of experience gained in the entire game.
 F = Experience gained in this place divided by the number of levels of this place that you have seen.
                   A       B       C       D       E      F
               +-------+-------+-------+-------+-------+----------------------
         Total | 100.0 | 100.0 |   N/A |   N/A | 100.0 |  11.0
       Dungeon | 100.0 | 100.0 |   N/A |   N/A | 100.0 |  11.0
               +-------+-------+-------+-------+-------+----------------------
